 Dungeon Crawl Stone Soup version 0.17.1-1-g73c8601 (console) character file.

7202 Kloppie the Spear-Bearer (level 11, -2/92 HPs)
             Began as a Merfolk Skald on Dec 25, 2015.
             Was a Believer of Makhleb.
             Slain by a six-headed hydra (6 damage)
             ... on level 2 of the Lair of Beasts.
             The game lasted 00:21:09 (10953 turns).

Kloppie the Spear-Bearer (Merfolk Skald)           Turns: 10953, Time: 00:21:10

Health: -2/92      AC: 15    Str: 13    XL:     11   Next: 11%
Magic:  14/14      EV: 17    Int: 11    God:    Makhleb [**....]
Gold:   480        SH:  0    Dex: 17    Spells: 4 memorised, 6 levels left

rFire  + . .     SeeInvis .     a - +0 trident
rCold  . . .     Clarity  +     n - +0 ring mail
rNeg   . . .     SustAt   .     (no shield)
rPois  +         Gourm    .     w - +1 helmet
rElec  .         Spirit   .     o - +2 cloak {MR+}
rCorr  .         Warding  .     g - +1 pair of gloves
rMut   .         Stasis   .     s - +2 pair of boots
MR     +....                    h - amulet of clarity
Stlth  +.........               K - ring of protection from fire
                                z - ring of poison resistance

@: somewhat resistant to hostile enchantments, very unstealthy
A: change form in water, swift swim
a: Minor Destruction, Renounce Religion


You were on level 2 of the Lair of Beasts.
You worshipped Makhleb.
Makhleb was pleased with you.
You were not hungry.

You visited 3 branches of the dungeon, and saw 12 of its levels.

You collected 480 gold pieces.

Inventory:

Hand Weapons
 a - a +0 trident (weapon)
 b - a +1 halberd
Missiles
 y - 2 throwing nets (quivered)
Armour
 g - a +1 pair of gloves (worn)
 n - a +0 ring mail (worn)
 o - a +2 cloak of magic resistance (worn)
 s - a +2 pair of boots (worn)
 w - a +1 helmet (worn)
Jewellery
 h - an amulet of clarity (around neck)
 z - a ring of poison resistance (left hand)
 E - an uncursed amulet of rage
 K - a ring of protection from fire (right hand)
Wands
 t - a wand of cold (0)
 v - a wand of draining (10)
 C - a wand of disintegration (14)
 G - a wand of teleportation (9)
Scrolls
 f - 3 scrolls of teleportation
 i - 2 scrolls of recharging
 j - a scroll of blinking
 l - a scroll of fog
 q - a scroll of identify
 r - a scroll of magic mapping
 u - 5 scrolls of remove curse
Potions
 e - 2 potions of invisibility {unknown}
 k - 2 potions of mutation {unknown}
 m - 2 potions of heal wounds {unknown}
 p - a potion of brilliance
 x - a potion of lignification {unknown}
 A - a potion of haste {unknown}
 B - 6 potions of berserk rage {unknown}
 I - a potion of cancellation {unknown}
Books
 c - a book of Battle

   Spells                             Type                      Level
   a - Infusion                       Charms                       1
   b - Shroud of Golubria             Charms/Translocation         2
   c - Song of Slaying                Charms                       2
   d - Spectral Weapon                Hexes/Charms                 3
   e - Regeneration                   Charms/Necromancy            3
Comestibles
 d - 9 bread rations
 D - 5 beef jerkies
 F - 4 meat rations
 H - a slice of pizza


   Skills:
 - Level 10.6 Fighting
 + Level 13.7 Polearms
 + Level 0.6 Armour
 - Level 10.0 Dodging
 - Level 2.0 Spellcasting
 + Level 7.3 Charms


You had 6 spell levels left.
You knew the following spells:

 Your Spells              Type           Power        Failure   Level  Hunger
a - Infusion              Chrm           ###...       3%          1    ##.....
b - Song of Slaying       Chrm           ###.....     6%          2    ###....
c - Shroud of Golubria    Chrm/Tloc      #.........   21%         2    ###....
d - Regeneration          Chrm/Necr      #.........   43%         3    ####...


Dungeon Overview and Level Annotations

Branches:
Dungeon (9/15)             Temple (1/1) D:5            Lair (2/8) D:9
    Orc: D:9-12

Altars:
Ashenzari
Cheibriados
Dithmenos
Elyvilon
Fedhas
Gozag
Kikubaaqudgha
Makhleb
Nemelex Xobeh
Okawaru
Qazlal
Ru
Sif Muna
Trog
Vehumet
Xom
Yredelemnul
Zin
The Shining One

Portals:
Labyrinth: Lair:2

Annotations:
D:9 Gastronok, Maurice


Message History

You puncture the six-headed hydra!
The six-headed hydra is heavily wounded.
You hit the six-headed hydra.
The six-headed hydra is heavily wounded.
The six-headed hydra bites you.
* * * LOW HITPOINT WARNING * * *
The six-headed hydra misses you. The six-headed hydra bites you.
* * * LOW HITPOINT WARNING * * *
The six-headed hydra barely misses you. The six-headed hydra misses you.
The six-headed hydra bites you!
* * * LOW HITPOINT WARNING * * *
You puncture the six-headed hydra!
The six-headed hydra is severely wounded.
The six-headed hydra bites you.
* * * LOW HITPOINT WARNING * * *
The six-headed hydra misses you. The six-headed hydra bites you!
* * * LOW HITPOINT WARNING * * *
The six-headed hydra bites you but does no damage.
The six-headed hydra bites you.
You die...

#...# .##....
......##...#
.......##..........#
......#......##...#
#....+......##...##
##......?... ......#
##.....#.#.#####...###..
.....∩.##..##.#..<....#.
.......@Dr..............
###.#.#.#..###P..#######
#. ###### ##### #


You could see a six-headed hydra and a porcupine.

Vanquished Creatures
  The ghost of Kloppie the Spear-Bearer, a novice MfGl (D:6)
  Pikel (D:4)
  A spiny frog (Lair:1)
  A komodo dragon (D:9)
  A yak (D:9)
  5 hippogriffs
  A hungry ghost (D:8)
  3 wolves (Lair:1)
  A basilisk (D:9)
  Menkaure (D:5)
  6 water moccasins
  Duvessa (D:4)
  A porcupine (Lair:1)
  A black bear (D:8)
  A necrophage (D:9)
  2 ice beasts
  4 ogres
  A phantom (D:4)
  5 centaurs
  3 crocodiles
  2 giant frogs (Lair:1)
  4 orc priests
  2 big kobolds
  Dowan (D:4)
  3 killer bees (D:5)
  3 crimson imps
  4 hounds
  A centaur skeleton (D:8)
  A giant frog skeleton (D:9)
  A jelly (D:9)
  6 orc wizards
  3 iguanas
  10 worker ants
  5 sheep (Lair:1)
  A hound zombie (D:4)
  A hound skeleton (D:4)
  Robin (D:2)
  6 gnolls
  A worker ant zombie (D:9)
  7 adders
  7 river rats (Lair:1)
  2 shadow imps
  An ooze (D:5)
  An adder zombie (D:8)
  3 worms
  4 giant geckos
  27 orcs
  7 bats
  19 goblins
  4 hobgoblins
  6 quokkas
  8 giant cockroaches
  A giant gecko skeleton (D:4)
  3 giant newts
  14 jackals
  17 kobolds
  A quokka skeleton (D:5)
  6 rats (D:1)
235 creatures vanquished.

Vanquished Creatures (others)
  A slave (D:4)
  2 gnolls (D:4)
  An adder (D:4)
  A quokka (D:4)
  A jackal skeleton (D:4)
  A fungus (Lair:1)
7 creatures vanquished.

Grand Total: 242 creatures vanquished

Notes
Turn   | Place    | Note
--------------------------------------------------------------
     0 | D:1      | Kloppie the Merfolk Skald began the quest for the Orb.
     0 | D:1      | Reached XP level 1. HP: 16/16 MP: 3/3
   254 | D:1      | Reached XP level 2. HP: 20/23 MP: 5/5
   574 | D:1      | Found a sparkling altar of Nemelex Xobeh.
   656 | D:1      | Reached XP level 3. HP: 28/28 MP: 6/6
  1005 | D:1      | Reached skill level 4 in Polearms
  1659 | D:2      | Reached XP level 4. HP: 24/35 MP: 0/7
  2016 | D:2      | Found a bloodstained altar of Trog.
  2254 | D:3      | Noticed Robin
  2271 | D:3      | Reached skill level 5 in Polearms
  2313 | D:2      | Killed Robin
  2313 | D:2      | Reached XP level 5. HP: 14/41 MP: 8/8
  2666 | D:3      | Learned a level 2 spell: Song of Slaying
  2669 | D:3      | Learned a level 2 spell: Shroud of Golubria
  2819 | D:3      | Found an iron altar of Okawaru.
  3320 | D:4      | Reached XP level 6. HP: 34/48 MP: 9/9
  3523 | D:4      | Noticed Pikel
  3524 | D:4      | Noticed a slave
  3525 | D:4      | Noticed a slave
  3528 | D:4      | Noticed a slave
  3529 | D:4      | Noticed a slave
  3560 | D:4      | Killed Pikel
  3560 | D:4      | Reached skill level 5 in Fighting
  3560 | D:4      | Reached skill level 7 in Polearms
  3560 | D:4      | Reached XP level 7. HP: 36/56 MP: 10/10
  3677 | D:4      | Noticed an ogre
  3684 | D:4      | Killed an ogre
  3784 | D:4      | Reached XP level 8. HP: 64/64 MP: 11/11
  3790 | D:4      | Killed a freed slave
  3803 | D:4      | Reached skill level 8 in Polearms
  3919 | D:4      | Noticed Dowan
  3920 | D:4      | Noticed Duvessa
  3939 | D:4      | Killed Duvessa
  3946 | D:4      | Killed Dowan
  4075 | D:4      | Noticed a phantom
  4124 | D:4      | Killed a phantom
  4241 | D:4      | Learned a level 3 spell: Regeneration
  4242 | D:5      | Entered Level 5 of the Dungeon
  4401 | D:5      | Noticed Menkaure
  4407 | D:5      | Killed Menkaure
  4407 | D:5      | Reached skill level 9 in Polearms
  4516 | D:5      | Found a stormy altar of Qazlal.
  4547 | D:5      | Found a shimmering altar of Xom.
  4934 | D:5      | Found a staircase to the Ecumenical Temple.
  4946 | Temple   | Entered the Ecumenical Temple
  5300 | D:5      | Found an opulent altar of Gozag.
  5471 | D:5      | You fall through a shaft!
  5627 | D:5      | Reached XP level 9. HP: 58/72 MP: 12/12
  5718 | D:6      | Reached skill level 10 in Polearms
  5830 | D:6      | Noticed Kloppie's ghost (novice MfGl)
  6271 | D:7      | Found a shattered altar of Ashenzari.
  7340 | D:6      | HP: 2/74 [Kloppie's ghost (15)]
  7348 | D:6      | Killed Kloppie's ghost
  7348 | D:6      | Reached skill level 11 in Polearms
  7348 | D:6      | Reached skill level 10 in Dodging
  8052 | D:8      | Reached XP level 10. HP: 63/82 MP: 13/13
  8260 | D:8      | Reached skill level 12 in Polearms
  8661 | D:8      | Found a burning altar of Makhleb.
  8666 | D:8      | Found a shimmering altar of Xom.
  8683 | D:8      | Became a worshipper of Makhleb the Destroyer
  8798 | D:9      | Reached skill level 5 in Charms
  8816 | D:9      | Noticed Gastronok
  8868 | D:9      | Noticed Maurice
  9348 | D:9      | Found a staircase to the Lair.
  9367 | D:9      | Reached * piety under Makhleb
  9419 | Lair:1   | Entered Level 1 of the Lair of Beasts
  9806 | Lair:1   | Reached skill level 10 in Fighting
  9810 | Lair:1   | Reached skill level 13 in Polearms
 10342 | Lair:1   | Reached XP level 11. HP: 75/92 MP: 14/14
 10593 | Lair:1   | Reached ** piety under Makhleb
 10939 | Lair:2   | Found a labyrinth entrance.
 10940 | Lair:2   | Noticed a six-headed hydra
 10953 | Lair:2   | HP: 4/92 [six-headed hydra (11)]
 10953 | Lair:2   | Slain by a six-headed hydra

Action                   |  1- 3 |  4- 6 |  7- 9 | 10-12 || total
-------------------------+-------+-------+-------+-------++-------
Melee: Spear             |   144 |    21 |       |       ||   165
       Halberd           |       |   162 |   432 |   405 ||   999
       Trident           |       |       |       |     8 ||     8
 Cast: Infusion          |     1 |     2 |       |       ||     3
Evoke: Wand              |       |       |     2 |       ||     2
  Use: Potion            |       |     1 |     2 |       ||     3
       Scroll            |       |       |    10 |     6 ||    16
  Eat: Chunk             |     2 |     7 |    12 |     9 ||    30
       Beef jerky        |       |       |     1 |     1 ||     2
       Royal jelly       |       |       |       |     1 ||     1
